 Dungeon Crawl Stone Soup version 0.23.2-30-g0e89c35649 (webtiles) character file.

Game seed: 1522545788836426518

19 BeasterDot the Ruffian (level 2, 29/29 HPs)
             Began as a Troll Berserker on Apr 22, 2019.
             Was a Follower of Trog.
             Quit the game on level 2 of the Dungeon on June 17, 2019.
             The game lasted 00:02:31 (815 turns).

BeasterDot the Ruffian (Troll Berserker)             Turns: 815, Time: 00:02:31

Health: 29/29      AC:  9    Str: 24    XL:     2   Next: 55%
Magic:  1/1        EV:  7    Int:  3    God:    Trog [*.....]
Gold:   27         SH:  9    Dex:  9    Spells: 1/1 levels left

rFire    + . .     SeeInvis .     - Unarmed
rCold    . . .     Gourm    +   f - +2 shield {AC+3}
rNeg     . . .     Faith    .   a - +0 animal skin
rPois    .         Spirit   .   (helmet restricted)
rElec    .         Reflect  .   l - scarf {cloud immunity}
rCorr    .         Harm     .   (gloves unavailable)
MR       .....                  (boots unavailable)
Stlth    +.........             (no amulet)
HPRegen  0.49/turn              e - ring of protection from fire
MPRegen  0.07/turn              (no ring)

@: no status effects
A: large, unfitting armour, claws 3, fast metabolism 3, gourmand, regeneration
1, shaggy fur 1, tough skin 3
a: Berserk, Renounce Religion


You were on level 2 of the Dungeon.
You worshipped Trog.
Trog was aware of your devotion.
You were not hungry.

You visited 1 branch of the dungeon, and saw 2 of its levels.

You collected 27 gold pieces.

Inventory:

Armour
 a - a +0 animal skin (worn)
 f - a +2 shield of protection (worn)
 l - a scarf of cloud immunity (worn)
Jewellery
 e - a ring of protection from fire (left claw)
Scrolls
 c - 3 scrolls of identify {unknown}
 g - a scroll of remove curse {unknown}
 i - a scroll of random uselessness {unknown}
 j - a scroll of teleportation {unknown}
 k - a scroll of enchant weapon {unknown}
 n - a scroll of enchant armour {unknown}
Potions
 d - a potion of berserk rage {unknown}
 h - a potion of agility {unknown}
 m - a potion of resistance {unknown}
Comestibles
 b - 6 rations


   Skills:
 + Level 2.7 Fighting
 + Level 2.7 Dodging
 + Level 0.1 Shields
 + Level 3.3 Unarmed Combat


You had one spell level left.
You didn't know any spells.
Your spell library was empty.

Dungeon Overview and Level Annotations

Branches:
Dungeon (2/15)

Altars:


Innate Abilities, Weirdness & Mutations

You are too large for most types of armour.
You have claws for hands.
Your metabolism is lightning-fast.
You like to eat raw meat.
Your natural rate of healing is unusually fast.
You are covered in fur. (AC +1)
You have extremely tough skin. (AC +3)


Message History

This raw flesh tastes great.
Found a stone staircase leading up.
A hobgoblin comes into view. It is wielding a +0 club.
The hobgoblin shouts!
Found a scroll labeled SEKLIE KEJAPONK.
A hobgoblin comes into view.
The hobgoblin hits you but does no damage.
You barely miss the hobgoblin.
The hobgoblin hits you but does no damage.
You completely miss the hobgoblin. You block the hobgoblin's attack.
Your shield prevents you from hitting the hobgoblin.
The hobgoblin hits you but does no damage.
You closely miss the hobgoblin. You block the hobgoblin's attack.
You claw the hobgoblin!
You kill the hobgoblin!
Trog accepts your kill.
Welcome back, BeasterDot the Troll Berserker.
Trog says: Kill them all!
Press ? for a list of commands and other information.
Are you sure you want to abandon this character and quit the game? (Confirm with "yes".)

#######..
#.......#
##.......#
.........##
#.........###.#
#?...........
#.....)...#
#.....g@..#
#.........########
#.................
#..........######
#.#
#..........#<.#
..#.#
#..........##.#
..#.#
########+#.##.#
#.#.# #.#.##.#
#.#.## #......#


You could see a hobgoblin.

Vanquished Creatures
  2 leopard geckos (D:1)
  4 bats (D:1)
  A giant cockroach (D:1)
  4 hobgoblins
  A jackal (D:1)
  2 kobolds (D:1)
  A goblin (D:1)
15 creatures vanquished.

Notes
Turn   | Place    | Note
-------+----------+-------------------------------------------
     0 | D:1      | BeasterDot the Troll Berserker began the quest for the Orb.
     0 | D:1      | Reached XP level 1. HP: 22/22 MP: 0/0
   272 | D:1      | Reached XP level 2. HP: 29/29 MP: 1/1
   815 | D:2      | Upgraded the game from 0.23.2-1-ga50397a6bc to
                  | 0.23.2-30-g0e89c35649
   815 | D:2      | Quit the game

Action                   || total
-------------------------++-------
Melee: Unarmed           ||    54
  Eat: Chunk             ||     8
Armor: Animal skin       ||    34
Dodge: Dodged            ||    11
Block: Shield            ||    30
